 Dungeon Crawl Stone Soup version 0.31.0-1-g2c135a008e (webtiles) character file.

Game seed: 13189979343025805975

202 qw the Shooter (level 6, -2/46 HPs)
             Began as a Djinni Hunter on Jan 23, 2024.
             Was an Initiate of Okawaru.
             Slain by an orc
             ... wielding a +0 trident
              (5 damage)
             ... on level 5 of the Dungeon.
             The game lasted 00:00:11 (2545 turns).

qw the Shooter (Djinni Hunter)                      Turns: 2545, Time: 00:00:11

Health: -2/46      AC:  4    Str: 10    XL:     6   Next: 8%
Gold:   218        EV: 11    Int: 10    God:    Okawaru [......] SH:  0 Dex: 19

rFire   + + .        a - +0 shortbow (flame)
rCold   x . .        (shield currently unavailable)
rNeg    . . .        o - +0 ring mail
rPois   inf          g - +1 helmet
rElec   +            (no cloak)
rCorr   .            (no gloves)
SInv    .            (boots unavailable)
Will    .....        f - amulet of faith
Stlth   +            (no ring)
HPRegen 0.27/turn    (no ring)
MPRegen 0.00/turn

%: faith, infuse magic (-3 HP)
@: flying
A: sickness immunity, fire resistance 2, cold vulnerability 1, float, innate
caster, HP casting, extra vitality 1, deformed body, electricity resistance
a: Renounce Religion


You were on level 5 of the Dungeon.
You worshipped Okawaru.
Okawaru was noncommittal.
You visited 2 branches of the dungeon, and saw 6 of its levels.

You collected 260 gold pieces.
You spent 42 gold pieces at shops.


Innate Abilities, Weirdness & Mutations

You are immune to sickness and miasma.
You are immune to poison.
Your flesh is very heat resistant. (rF++)
You are vulnerable to cold. (rC-)
You float through the air rather than walking.
You learn spells naturally, not from books.
Your magical power is your life essence.
You have superior vitality. (+4 MHP)
Armour fits poorly on your strangely shaped body.
You are resistant to electric shocks. (rElec)


   Skills:
 - Level 3.0 Fighting
 - Level 5.0 Ranged Weapons
 - Level 1.0 Armour
 + Level 2.7 Dodging
 - Level 0.7 Stealth


You knew the following spells:

 Your Spells              Type           Power      Damage    Failure   Level
a - Summon Small Mammal   Summ           0%         N/A       67%         1
b - Lesser Beckoning      Tloc           0%         N/A       82%         2
Your spell library was empty.

Inventory:

Hand Weapons
 a - a +0 shortbow of flaming (weapon)
Armour
 g - a +1 helmet (worn)
 o - a +0 ring mail (worn)
Jewellery
 e - a ring of fire
 f - an amulet of faith (around neck)
Wands
 c - a wand of quicksilver (7)
Scrolls
 d - a scroll of identify
Potions
 b - 5 potions of curing
 l - a potion of brilliance {unknown}
 q - a potion of lignification {unknown}
 r - a potion of might

Dungeon Overview and Level Annotations

Branches:
Dungeon (5/15)             Temple (1/1) D:4

Altars:
Cheibriados
Elyvilon
Fedhas
Hepliaklqana
Makhleb
Nemelex Xobeh
Okawaru
Qazlal
Ru
Trog
Wu Jian
Xom
Yredelemnul
Zin
The Shining One

Shops:
D:2 (!   D:3 [


Message History

The arrow closely misses the orc wizard.
The orc hits you from afar with a +0 trident.
The orc priest looks satisfied for a moment.
Something hits you. The orc hits you with a +0 whip.
The orc closely misses you. The orc hits you with a +0 whip.
The orc wizard points at you and mumbles some strange words.
You resist with some effort.
The orc priest hits you but does no damage.
Something hits you.
2542 ||| DRINKING potion of heal wounds.
You feel much better. The orc priest closely misses you.
The orc wizard gestures at you while chanting.
The magic dart hits you! The orc hits you with a +0 whip.
The orc closely misses you. Something hits you but does no damage.
You shoot an arrow. The arrow hits the orc priest.
The arrow burns the orc priest.
The orc priest is severely wounded.
The orc priest hits you but does no damage.
The orc wizard gestures at you while chanting.
The magic dart hits you. The orc barely misses you.
The orc hits you with a +0 whip. Something hits you but does no damage.
You shoot an arrow. The arrow hits the orc priest.
The arrow burns the orc priest.
The orc priest is almost dead.
The orc priest begins to cast a cantrip, but forgets the words!
The orc hits you from afar with a +0 trident.
Something hits you but does no damage.
You shoot an arrow.
The arrow hits the orc priest but does no damage.
The orc priest is almost dead.
The orc priest barely misses you. The orc misses you.
The orc priest casts a cantrip, but nothing happens.
The orc closely misses you. Something hits you. x2
The orc priest hits you but does no damage.
The orc priest barely misses you.
The orc wizard hits you with a +0 dagger.
The orc barely misses you.
The orc hits you from afar with a +0 trident.
You die...

...#.#.#.#.|.....#
....#^#.#....#...#
.....#.#....######
......#....##
....%.....##
.........##
######....########.
#.....o{..)...
##....@o.###:
#....ooo#
#...####... ...####
.... ... ... ....
.. ... .


You could see 2 orc priests, an orc wizard and 2 orcs.

Vanquished Creatures
  A scorpion (D:4)
  A jelly (D:4)
  4 adders
  2 dart slugs (D:3)
  2 ribbon worms
  4 orcs
  11 endoplasms
  4 giant cockroaches
  2 goblins (D:1)
  6 hobgoblins
  3 quokkas
  9 ball pythons
  4 bats
  2 frilled lizards (D:1)
  5 kobolds
  4 rats
64 creatures vanquished.

Notes
Turn   | Place    | Note
-------+----------+-------------------------------------------
     0 | D:1      | qw the Djinni Hunter began the quest for the Orb.
     0 | D:1      | Reached XP level 1. HP: 18/18 MP: 0/0
     0 | D:1      | 0 ||| qw: Version: 0.3-a-135-gb77e89d
     0 | D:1      | 0 ||| qw: Game counter: 934
     0 | D:1      | 0 ||| qw: Melee chars always use a shield: true
     0 | D:1      | 0 ||| qw: God list: Okawaru
     0 | D:1      | 0 ||| qw: Allow faded altars: false
     0 | D:1      | 0 ||| qw: Do Orc after clearing Dungeon:15 true
     0 | D:1      | 0 ||| qw: Do second Lair branch before Depths: true
     0 | D:1      | 0 ||| qw: Lair rune preference: random
     0 | D:1      | 0 ||| qw: Goals: Normal
     0 | D:1      | 0 ||| PLANNING D:1-11
   159 | D:1      | Reached XP level 2. HP: 23/23 MP: 0/0
   553 | D:1      | 553 ||| UPGRADING to +0 helmet.
   558 | D:1      | 558 ||| UPGRADING to amulet of faith.
   563 | D:1      | 563 ||| READING scroll labelled FIOLAURIANT.
   564 | D:1      | 564 ||| READING scroll labelled BUSIUBR GISHE.
   565 | D:1      | 565 ||| READING scroll labelled JUJOUM BIP COU.
   565 | D:1      | 565 ||| ENCHANTING +0 helmet.
   566 | D:1      | 566 ||| DROPPING scroll of butterflies.
   621 | D:2      | Reached skill level 4 in Ranged Weapons
   621 | D:2      | Reached XP level 3. HP: 28/28 MP: 0/0
   621 | D:2      | Learned a level 1 spell: Summon Small Mammal
   752 | D:2      | Found Vyqeg's Antique Weapon Shoppe.
   938 | D:2      | Reached XP level 4. HP: 34/34 MP: 0/0
  1017 | D:2      | Found Tuoma's Distillery.
  1028 | D:2      | 1028 ||| BUYING potion of curing (42 gold).
  1028 | D:2      | Bought a potion of curing for 42 gold pieces
  1028 | D:2      | 1028 ||| SHOPLISTING potion of curing (42 gold, have 20).
  1028 | D:2      | 1028 ||| SHOPLISTING potion of enlightenment (70 gold, have
                  | 20).
  1028 | D:2      | 1028 ||| SHOPLISTING potion of heal wounds (70 gold, have
                  | 20).
  1028 | D:2      | 1028 ||| SHOPLISTING potion of resistance (140 gold, have
                  | 20).
  1278 | D:2      | 1278 ||| UPGRADING to +0 ring mail.
  1288 | D:2      | 1288 ||| DROPPING +0 leather armour.
  1289 | D:2      | 1289 ||| DROPPING ring of wizardry.
  1290 | D:2      | 1290 ||| READING scroll labelled UNISTA CIUCW.
  1291 | D:2      | 1291 ||| READING scroll labelled YSTUON VAPIUL.
  1291 | D:2      | 1291 ||| BRANDING +0 shortbow.
  1292 | D:2      | 1292 ||| READING scroll labelled OHUERE DUGAI.
  1293 | D:2      | 1293 ||| READING scroll labelled ISA DOSIUPUG.
  1293 | D:2      | 1293 ||| IDENTIFYING black potion
  1294 | D:2      | 1294 ||| DRINKING 3 metallic red potions.
  1294 | D:2      | Gained mutation: You possess an exceptional clarity of
                  | mind. [potion of mutation]
  1294 | D:2      | Gained mutation: You are somewhat resistant to further
                  | mutation. [potion of mutation]
  1294 | D:2      | Gained mutation: You are clumsy. (Dex -2) [potion of
                  | mutation]
  1295 | D:2      | 1295 ||| DRINKING 2 potions of mutation.
  1295 | D:2      | Lost mutation: You possess an exceptional clarity of mind.
                  | [potion of mutation]
  1295 | D:2      | Lost mutation: You are clumsy. (Dex -2) [potion of
                  | mutation]
  1295 | D:2      | Lost mutation: You are somewhat resistant to further
                  | mutation. [potion of mutation]
  1295 | D:2      | Gained mutation: You are partially covered in iridescent
                  | scales. (AC +2) [potion of mutation]
  1295 | D:2      | Gained mutation: You occasionally lose the ability to drink
                  | potions when taking damage. [potion of mutation]
  1296 | D:2      | 1296 ||| DRINKING potion of mutation.
  1296 | D:2      | Lost mutation: You occasionally lose the ability to drink
                  | potions when taking damage. [potion of mutation]
  1296 | D:2      | Lost mutation: You are partially covered in iridescent
                  | scales. (AC +2) [potion of mutation]
  1296 | D:2      | Gained mutation: You are resistant to electric shocks.
                  | (rElec) [potion of mutation]
  1296 | D:2      | Gained mutation: Armour fits poorly on your strangely
                  | shaped body. [potion of mutation]
  1366 | D:3      | Found a faded altar of an unknown god.
  1465 | D:3      | Reached skill level 1 in Armour
  1485 | D:3      | Reached skill level 3 in Fighting
  1623 | D:3      | Found Eqohukh's Antique Armour Emporium.
  1632 | D:3      | 1632 ||| SHOPLISTING dazzling ring mail (198 gold, have
                  | 97).
  1632 | D:3      | 1632 ||| SHOPLISTING glowing hat (154 gold, have 97).
  1632 | D:3      | 1632 ||| SHOPLISTING shiny ring mail (154 gold, have 97).
  1747 | D:3      | Found a bloodstained altar of Trog.
  1849 | D:3      | 1849 ||| READING scroll labelled SAJ ETAXZALED.
  1993 | D:4      | Found a staircase to the Ecumenical Temple.
  1994 | D:4      | 1994 ||| PLANNING TEMPLE
  2002 | Temple   | Entered the Ecumenical Temple
  2003 | Temple   | 2003 ||| PLANNING OKAWARU WORSHIP
  2008 | Temple   | Became a worshipper of Warmaster Okawaru
  2009 | Temple   | 2009 ||| PLANNING D:1-11
  2036 | D:4      | Noticed a scorpion
  2037 | D:4      | 2037 ||| DRINKING potion of haste.
  2047 | D:4      | Killed a scorpion
  2048 | D:4      | Reached XP level 5. HP: 29/40 MP: 0/0
  2048 | D:4      | Learned a level 2 spell: Lesser Beckoning
  2138 | D:4      | Found a white marble altar of Elyvilon.
  2178 | D:4      | Reached skill level 5 in Ranged Weapons
  2473 | D:4      | 2473 ||| READING scroll of identify.
  2473 | D:4      | 2473 ||| IDENTIFYING purple potion
  2474 | D:4      | 2474 ||| DRINKING 2 bubbling puce potions.
  2475 | D:4      | 2475 ||| DRINKING 2 pink potions.
  2476 | D:4      | 2476 ||| DROPPING potion of invisibility.
  2491 | D:5      | Entered Level 5 of the Dungeon
  2518 | D:5      | Reached XP level 6. HP: 46/46 MP: 0/0
  2541 | D:5      | HP: 11/46 [orc/+0 whip (3)]
  2542 | D:5      | 2542 ||| DRINKING potion of heal wounds.
  2545 | D:5      | HP: 4/46 [something (4)]
  2545 | D:5      | Slain by an orc

Levels and vault maps discovered:
D:1:      amcnicky_arrival_flooded_fountain, layout_loops_ring,
          amcnicky_mini_pool_small
D:2:      layout_loops_ring, serial_shops, nicolae_shop_stone,
          nicolae_shop_stone, serial_park_tiny_pond
D:3:      layout_loops_ring, lemuel_doored_altar,
          dreamdust_ecumenical_altar_grove, serial_shops, shop
D:4:      layout_cave_pools, elyvilon_altar_5, temple_fountains,
          serial_library_regret_index_branch_corner, minmay_misc_feat_diagonals
D:5:      layout_basic, mainiacjoe_overflow_small_starburst, nicolae_the_louvre
Temple:   compressed_dpeg_triangle_lava_temple

Skill      XL: |  1  2  3  4  5 |
---------------+----------------+-----
Ranged Weapons | 4 5 |  5.0
Armour         | 1 |  1.0
Fighting       | 3 |  3.0
Dodging        | |  2.7
Stealth        | |  0.7

Action                     |  1- 3 |  4- 6 || total
---------------------------+-------+-------++-------
   Fire: Shortbow          |    76 |   121 ||   197
    Use: Scroll            |     3 |     6 ||     9
         Potion            |       |     7 ||     7
 Armour: Leather armour    |    17 |     2 ||    19
         Ring mail         |       |    52 ||    52
  Dodge: Dodged            |    16 |    43 ||    59

Table legend:
 A = Non-vault XP
 B = Vault XP
 C = Vault XP percentage of total XP
 D = Non-vault monster count
 E = Vault monster count
 F = Vault count percentage of total count
                 A         B        C        D         E       F
            +---------+---------+-------+---------+---------+-------
      Total |     289 |       0 |   0.0 |      64 |       0 |   0.0
            +---------+---------+-------+---------+---------+-------
        D:1 |      27 |       0 |   0.0 |      17 |       0 |   0.0
        D:2 |      53 |       0 |   0.0 |      17 |       0 |   0.0
        D:3 |      35 |       0 |   0.0 |      16 |       0 |   0.0
        D:4 |     143 |       0 |   0.0 |      11 |       0 |   0.0
        D:5 |      31 |       0 |   0.0 |       3 |       0 |   0.0
            +---------+---------+-------+---------+---------+-------
